 Dungeon Crawl Stone Soup version 0.26.1-11-gd32895ea62 (webtiles) character file.

Game seed: 12425135492861440119

46993 RepoMan the Fighter (level 14, -21/118 HPs)
             Began as a Barachi Hunter on July 26, 2021.
             Was a Priest of Fedhas.
             Demolished by an ettin
             ... wielding a +0 dire flail
              (48 damage)
             ... on level 2 of the Orcish Mines.
             The game lasted 03:10:56 (20297 turns).

RepoMan the Fighter (Barachi Hunter)               Turns: 20297, Time: 03:10:56

Health: -21/118    AC: 14    Str: 22    XL:     14   Next: 40%
Magic:  15/21      EV: 15    Int: 13    God:    Fedhas [***...]
Gold:   2875       SH:  0    Dex: 17    Spells: 13/13 levels left

rFire    + + .     SeeInvis .   s - +2 hunting sling (vorpal)
rCold    + + .     Faith    .   U - +2 shield of Resistance {rF++ rC++ Will++}
rNeg     . . .     Spirit   .   n - +0 acid dragon scales
rPois    +         Reflect  .   t - +1 hat {Will+}
rElec    .         Harm     .   (no cloak)
rCorr    +         Rampage  .   N - +2 pair of gloves {Str+3}
Will     ++++.                  x - +2 pair of boots
Stlth    +.........             K - amulet of regeneration
HPRegen  0.69/turn              G - +6 ring of strength
MPRegen  0.17/turn              y - ring of poison resistance

@: confused, can't hop, slow
A: +LOS, swims, slowness 1, strong legs 2
a: Hop, Renounce Religion, Wall of Briars, Grow Ballistomycete


You were on level 2 of the Orcish Mines.
You worshipped Fedhas.
Fedhas was most pleased with you.
You visited 3 branches of the dungeon, and saw 18 of its levels.

You collected 2875 gold pieces.

Inventory:

Hand Weapons
 a - a +1 hand axe of electrocution
 f - a +1 scimitar of flaming
 s - a +2 vorpal hunting sling (weapon)
Missiles
 c - 8 curare-tipped darts
 j - 5 javelins
 P - 85 poisoned darts
 R - 27 sling bullets
 X - 310 stones (quivered ammo)
Armour
 n - +0 acid dragon scales (worn)
 t - a +1 hat of willpower (worn)
 x - a +2 pair of boots (worn)
 z - a +0 crystal plate armour
 N - a +2 pair of gloves of strength (worn)
 U - the +2 shield of Resistance (worn) {rF++ rC++ Will++}
   (You found it on level 9 of the Dungeon)

   It greatly protects you from fire.
   It greatly protects you from cold.
   It affects your willpower, your defense against some magical effects.
Jewellery
 y - a ring of poison resistance (right hand)
 G - a +6 ring of strength (left hand)
 K - an amulet of regeneration (around neck)
 L - an uncursed ring of protection from cold
Wands
 b - a wand of digging (3)
 d - a wand of disintegration (10)
 o - a wand of iceblast (9)
 p - a wand of flame (38)
 q - a wand of polymorph (11)
 O - a wand of random effects (34)
 T - a wand of acid (8)
Scrolls
 h - 4 scrolls of enchant armour
 i - a scroll of identify
 k - a scroll of immolation
 m - 3 scrolls of summoning {unknown}
 r - 2 scrolls of remove curse
 C - 8 scrolls of teleportation
 D - 2 scrolls of magic mapping
 F - 2 scrolls of fog
 H - a scroll of amnesia
 I - a scroll of holy word
 J - 2 scrolls of noise {unknown}
 Y - a scroll of fear
 Z - a scroll of blinking
Potions
 e - 4 potions of curing
 g - a potion of ambrosia
 l - 4 potions of degeneration {unknown}
 u - 2 potions of cancellation {unknown}
 v - 2 potions of invisibility {unknown}
 w - 2 potions of mutation
 A - a potion of attraction {unknown}
 Q - a potion of brilliance {unknown}
 S - a potion of lignification
 V - 2 potions of magic
 W - a potion of berserk rage


   Skills:
 + Level 13.1 Fighting
 * Level 12.0(12.8) Slings
 - Level 8.2 Bows
 - Level 7.9(11.0) Throwing
 - Level 5.0 Armour
 - Level 6.7 Dodging
 - Level 0.8 Stealth
 + Level 10.0 Shields
 - Level 9.5 Invocations


You had 13 spell levels left.
You didn't know any spells.
Your spell library contained the following spells:

 Spells                   Type           Power        Failure   Level
 Corona                   Hex            0%           58%         1
 Sting                    Tmut/Pois      0%           58%         1
 Summon Small Mammal      Summ           0%           58%         1
 Call Imp                 Summ           0%           73%         2
 Poisonous Vapours        Pois/Air       0%           73%         2
 Call Canine Familiar     Summ           0%           91%         3
 Conjure Flame            Conj/Fire      0%           91%         3
 Mephitic Cloud           Conj/Pois/Air  0%           91%         3
 Summon Guardian Golem    Hex/Summ       0%           91%         3
 Fulminant Prism          Conj/Hex       0%           100%        4
 Summon Ice Beast         Ice/Summ       0%           100%        4
 Summon Lightning Spire   Summ/Air       0%           100%        4
 Summon Mana Viper        Hex/Summ       0%           100%        5
 Freezing Cloud           Conj/Ice/Air   0%           100%        6


Dungeon Overview and Level Annotations

Branches:
Dungeon (10/15)            Temple (0/1) D:5            Lair (6/6) D:8
 Shoals (0/4) Lair:3       Spider (0/4) Lair:3        Slime (0/5) Lair:5
    Orc (2/2) D:9
    Elf: Orc:2

Altars:
Ashenzari
Cheibriados
Fedhas
Gozag
Kikubaaqudgha
Makhleb
Okawaru
Qazlal
Ru
Sif Muna
Trog
Uskayaw
Xom
Yredelemnul

Shops:
D:6 [   D:7 }   D:9 *

Annotations:
Lair:4 1 runed translucent door, Xaafilut's ghost, journeyman DEIE


Innate Abilities, Weirdness & Mutations

You can be seen from farther away. (+LOS)
You can swim through water.
You cover ground slowly.
You can hop long distances.


Message History

Beogh smites you! You block the ettin's attack. The ettin closely misses you.
Unknown command.
An orc wizard comes into view. It is wielding a +0 dagger.
The orc wizard shouts!
The orc priest calls down the wrath of Beogh upon you.
Beogh smites you!
Your ballistomycete spore explodes!
The stone giant appears confused.
The explosion of spores engulfs the stone giant!
The stone giant is lightly wounded.
The explosion of spores engulfs something!!
Fedhas accepts your kill.
Reactivating autopickup.
You feel a bit more experienced. The explosion of spores engulfs you!!
You are confused.
* * * LOW HITPOINT WARNING * * *
An orc comes into view. It is wielding a +0 dagger.
The ettin hits you with a +0 dire flail!!!
You die...
Fedhas appreciates your contribution to the ecosystem.

..o......#
o.......##
.oo......###
#.$..........
#............
##....O.......
#......#......
#C.OO........
###{@#..#......
##...COo..$.$...
#...<#)(........
##..oo..........
#.P.(.P.).......
##....).....#.$.
###..#.....# ..
#..........
##..#.......


You could see a stone giant (confused), an ettin, 2 two-headed ogres, an orc
warrior, 2 ogres, 3 orc priests, an orc wizard, an orc and 2 friendly
ballistomycetes.

Vanquished Creatures
  Rupert (Lair:5)
  Gastronok (D:8)
  2 entropy weavers (Lair:6)
  A hydra (Lair:3)
  10 death yaks (Lair:6)
  A queen ant (Lair:6)
  A two-headed ogre (Orc:1)
  2 catoblepae (Lair:6)
  A deep troll shaman (Lair:6)
  Sonja (Lair:1)
  Nergalle (D:10)
  A lindwurm (Lair:6)
  Pikel (D:5)
  An orc sorcerer (Orc:1)
  An ugly thing (D:9)
  An eye of devastation (Lair:5)
  5 elephants
  A black mamba (Lair:5)
  A torpor snail (Lair:3)
  12 cane toads
  5 komodo dragons
  An efreet (D:9)
  4 rime drakes
  5 polar bears
  A troll (D:9)
  Prince Ribbit (D:5)
  6 blink frogs (Lair:5)
  14 dream sheep
  Sigmund (D:5)
  3 redbacks (Lair:3)
  3 wyverns
  16 yaks
  4 basilisks
  21 soldier ants
  An acid dragon (D:8)
  11 water moccasins
  4 ice beasts
  5 black bears
  17 orc warriors
  An eye of draining (Lair:5)
  6 ogres
  A phantom (D:9)
  21 wolves
  2 centaurs
  A big kobold (D:8)
  6 bullfrogs
  A scorpion (D:8)
  2 water moccasin skeletons
  11 killer bees (D:10)
  2 vampire bats (D:3)
  8 electric eels (D:9)
  3 howler monkeys
  A bullfrog zombie (D:9)
  4 hounds
  2 quasits
  8 orc priests
  A gnoll shaman (D:9)
  A jelly (D:9)
  22 orc wizards
  Jessica (D:2)
  5 iguanas
  5 hell rats (Lair:4)
  17 worker ants
  A hound skeleton (D:9)
  A worker ant zombie (D:6)
  A howler monkey zombie (D:8)
  5 gnolls (D:9)
  2 howler monkey skeletons
  13 adders
  A shadow imp (D:8)
  A white imp (D:6)
  3 ufetubi
  2 oozes
  2 adder zombies
  7 worms
  2 dart slugs
  5 leopard geckos
  73 orcs
  4 bats
  4 bat skeletons (D:3)
  2 bat zombies (D:3)
  5 giant cockroaches
  9 goblins
  5 hobgoblins
  14 jackals
  4 quokkas
  2 ball pythons
  6 frilled lizards
  2 gnoll zombies (D:7)
  10 kobolds
  A leopard gecko skeleton (D:4)
  13 rats
  2 ballistomycete spores
503 creatures vanquished.

Vanquished Creatures (collateral kills)
  2 cane toads
  4 yaks
  A black bear (Lair:1)
  4 wolves
  A bullfrog zombie (D:8)
  A worker ant (Lair:6)
  An adder (D:8)
  A kobold (D:8)
  134 ballistomycete spores
149 creatures vanquished.

Vanquished Creatures (others)
  An oklob plant (Lair:3)
  2 blink frogs (Lair:5)
  A soldier ant (Lair:6)
  A water moccasin (Lair:3)
  An orc (D:9)
  8 ballistomycete spores
  2 bushes
  42 fungi
  64 plants
122 creatures vanquished.

Grand Total: 774 creatures vanquished

Notes
Turn   | Place    | Note
-------+----------+-------------------------------------------
     0 | D:1      | RepoMan the Barachi Hunter began the quest for the Orb.
     0 | D:1      | Reached XP level 1. HP: 17/17 MP: 1/1
    90 | D:1      | Reached XP level 2. HP: 20/23 MP: 2/2
   398 | D:1      | Reached XP level 3. HP: 28/28 MP: 3/3
   522 | D:1      | Reached skill level 3 in Fighting
  1086 | D:2      | Reached XP level 4. HP: 35/35 MP: 4/4
  1195 | D:2      | Found a broken altar of Ashenzari.
  1627 | D:2      | Noticed Jessica
  1629 | D:2      | Killed Jessica
  1630 | D:2      | Reached skill level 5 in Throwing
  1654 | D:2      | Found a blossoming altar of Fedhas.
  1665 | D:2      | Became a worshipper of Fedhas Madash
  1774 | D:3      | Noticed a +0 hand axe
  1775 | D:3      | Noticed a +0 dagger
  1776 | D:3      | Found a hide-covered altar of Uskayaw.
  1836 | D:3      | Found an opulent altar of Gozag.
  1850 | D:3      | Reached XP level 5. HP: 38/41 MP: 5/5
  1957 | D:3      | Reached skill level 1 in Armour
  2453 | D:3      | Found an iron altar of Okawaru.
  2689 | D:3      | Found an ancient bone altar of Kikubaaqudgha.
  2705 | D:3      | Reached * piety under Fedhas
  2706 | D:3      | Reached skill level 1 in Invocations
  2900 | D:4      | Reached skill level 4 in Fighting
  2900 | D:4      | Reached XP level 6. HP: 15/48 MP: 7/7
  3529 | D:4      | Identified the Compendium of Creative Hexes
  4180 | D:5      | Entered Level 5 of the Dungeon
  4272 | D:5      | Noticed Prince Ribbit
  4290 | D:5      | Killed Prince Ribbit
  4291 | D:5      | Reached XP level 7. HP: 35/55 MP: 8/8
  4303 | D:5      | Found a staircase to the Ecumenical Temple.
  4383 | D:5      | Reached skill level 5 in Fighting
  4388 | D:5      | Reached XP level 8. HP: 49/62 MP: 9/9
  4471 | D:5      | Noticed Sigmund
  4478 | D:5      | Killed Sigmund
  4479 | D:5      | Reached skill level 5 in Dodging
  4542 | D:5      | Reached ** piety under Fedhas
  4545 | D:5      | Found a snail-covered altar of Cheibriados.
  4566 | D:5      | Noticed Pikel
  4613 | D:5      | Killed Pikel
  4614 | D:5      | Reached skill level 6 in Fighting
  4614 | D:5      | Reached skill level 5 in Armour
  5259 | D:6      | Reached skill level 1 in Bows
  5284 | D:6      | Reached XP level 9. HP: 69/71 MP: 10/10
  5428 | D:6      | Found a shimmering blue altar of Sif Muna.
  5461 | D:6      | Identified Sif Muna's Incunabulum of Transformation
  5562 | D:6      | Found a stormy altar of Qazlal.
  5968 | D:6      | Found Siyhahuf's Antique Armour Shop.
  6080 | D:6      | Found a sacrificial altar of Ru.
  6511 | D:7      | Reached skill level 7 in Fighting
  6567 | D:7      | Noticed a moth of wrath
  6568 | D:7      | Found a bloodstained altar of Trog.
  6895 | D:7      | Found a basalt altar of Yredelemnul.
  6974 | D:7      | Reached *** piety under Fedhas
  7090 | D:7      | Found Dick's Gadget Shop.
  7860 | D:8      | Found a staircase to the Lair.
  7861 | D:8      | Noticed a komodo dragon
  7884 | D:8      | Killed a komodo dragon
  7914 | D:8      | Found a shimmering altar of Xom.
  7985 | D:8      | Reached skill level 5 in Bows
  7996 | D:8      | Reached skill level 8 in Fighting
  7996 | D:8      | Reached XP level 10. HP: 80/80 MP: 13/13
  8078 | D:8      | Got a crude robe
  8130 | D:8      | Noticed Gastronok
  8164 | D:8      | Killed Gastronok
  8165 | D:8      | Reached skill level 5 in Invocations
  8492 | D:8      | Found a shimmering altar of Xom.
  8492 | D:8      | Found a shimmering altar of Xom.
  8640 | D:8      | Identified the cursed +1 robe "Ucuhipi" {Will+} (You found
                  | it on level 8 of the Dungeon)
  8714 | D:8      | Found a shimmering altar of Xom.
  8714 | D:8      | Found a shimmering altar of Xom.
  8714 | D:8      | Found a shimmering altar of Xom.
  8714 | D:8      | Found a shimmering altar of Xom.
  8716 | D:8      | Found a shimmering altar of Xom.
  8732 | D:9      | Found Buqaedep's Mass Market.
  8839 | D:9      | Reached **** piety under Fedhas
  8921 | D:9      | Reached skill level 9 in Fighting
  9137 | D:9      | Found a staircase to the Orcish Mines.
  9649 | D:9      | Reached XP level 11. HP: 86/89 MP: 16/16
 10204 | D:9      | Noticed a brown ugly thing
 10217 | D:9      | Killed a brown ugly thing
 10300 | D:9      | Found the +2 shield of Resistance {rF++ rC++ Will++}
 10473 | D:9      | Reached skill level 1 in Shields
 11036 | D:10     | Entered Level 10 of the Dungeon
 11422 | D:10     | Noticed Nergalle
 11431 | D:10     | Killed Nergalle
 11432 | D:10     | Reached ***** piety under Fedhas
 11761 | Lair:1   | Entered Level 1 of the Lair of Beasts
 12242 | Lair:1   | You fall into a shaft and drop 1 floor!
 12400 | Lair:2   | Reached skill level 1 in Slings
 12538 | Lair:2   | Found a burning altar of Makhleb.
 13213 | Lair:1   | Reached skill level 5 in Slings
 13213 | Lair:1   | Reached XP level 12. HP: 87/97 MP: 18/18
 13223 | Lair:1   | Reached skill level 5 in Shields
 13246 | Lair:1   | Noticed Sonja
 13267 | Lair:1   | Killed Sonja
 13268 | Lair:1   | Reached skill level 10 in Fighting
 14442 | Lair:3   | Found a staircase to the Shoals.
 14692 | Lair:3   | Found a hole to the Spider Nest.
 15352 | Lair:4   | Noticed a six-headed hydra
 15383 | Lair:3   | Killed a four-headed hydra
 15561 | Lair:3   | Identified a scroll of acquirement
 15561 | Lair:3   | Acquired 987 gold pieces
 16057 | Lair:4   | Found a runed translucent door.
 16086 | Lair:4   | Reached skill level 11 in Fighting
 16263 | Lair:4   | Noticed Xaafilut's ghost (journeyman DEIE)
 16872 | Lair:5   | Noticed Rupert
 16888 | Lair:5   | Killed Rupert
 16889 | Lair:5   | Gained mutation: You can hop long distances. [Barachi
                  | growth]
 16889 | Lair:5   | Reached XP level 13. HP: 106/106 MP: 16/20
 16974 | Lair:5   | Found a staircase to the Slime Pits.
 17711 | Lair:6   | Entered Level 6 of the Lair of Beasts
 18210 | Lair:6   | Reached skill level 10 in Slings
 18214 | Lair:6   | Reached skill level 12 in Fighting
 18495 | Lair:6   | Noticed an entropy weaver
 18507 | Lair:6   | Killed an entropy weaver
 18519 | Lair:6   | Noticed an entropy weaver
 18530 | Lair:6   | Killed an entropy weaver
 18672 | Lair:6   | Reached XP level 14. HP: 116/116 MP: 21/21
 18986 | Lair:6   | Reached skill level 13 in Fighting
 19671 | Orc:1    | Entered Level 1 of the Orcish Mines
 20283 | Orc:2    | Entered Level 2 of the Orcish Mines
 20283 | Orc:2    | Noticed a stone giant
 20293 | Orc:2    | Reached skill level 10 in Shields
 20297 | Orc:2    | Demolished by an ettin

Illustrated notes

Levels and vault maps discovered:
D:1:      wander_arrival_estate, layout_rooms, st_stairs_3
D:2:      layout_basic, ashenzari_conservatory_becter, fedhas_altar_fruit_tree,
          minmay_pentomino_u2, uniq_jessica
D:3:      layout_loops_corners, dancing_weapons_uskayaw,
          nicolae_overflow_crystal_walls, kennysheep_vampire_church,
          nicolae_overflow_hidden_temple
D:4:      layout_basic, minmay_crystal_water
D:5:      layout_basic, minmay_temple_entry_mini_moons, kennysheep_slug_shrine,
          uniq_sigmund, uniq_prince_ribbit1, uniq_pikel
D:6:      layout_loops_corners, grunt_qazlal_clouds, nicolae_ru_awakened_eye,
          led_sif_book, serial_shops, shop
D:7:      layout_cave_pods, lemuel_zombie_altar_yredelemnul, tgw_trog,
          serial_shops, shop_fountains, minmay_hedge_maze,
          hangedman_decor_opposing
D:8:      layout_loops_ring, xom_shifter_show, david_lair_shrubbed,
          uniq_gastronok
D:9:      layout_roguey, erik_orc_2, serial_bayou, serial_bayou_pond_e,
          serial_bayou_pond_d, serial_bayou_lagoon_a, serial_bayou_shore_a,
          serial_bayou_ford_a, serial_bayou_lake_a, minmay_shop_mass,
          minmay_pinched_square
D:10:     layout_long_grid, uniq_nergalle
Lair:1:   layout_loops_ring, grunt_megastairs_5, infiniplex_staircase_pool_2,
          uniq_sonja
Lair:2:   layout_cave_shapes, amcnicky_altar_gilded
Lair:3:   layout_hall_layers, elwin_shoals_entry_rocks, spider_nest_entry_webs
Lair:4:   layout_gridlike, ebering_ghost_reflecting_pool, lemuel_fruit_tree
Lair:5:   layout_misc_corridors, minmay_slime_entry_eyes, uniq_rupert
Lair:6:   grunt_lair_end_beastmaster, layout_concentric_octagons,
          zaba_antful_of_joy
Orc:1:    layout_caves
Orc:2:    st_orc_ogre_mass, layout_caves

Skill      XL: |  1  2  3  4  5  6  7  8  9 10 11 12 13 14 |
---------------+-------------------------------------------+-----
Fighting       | 3 4 5 6 8 9 11 12 13 | 13.1
Dodging        | 3 4 5 6 |  6.7
Throwing       | 5 6 7 |  7.9
Armour         | 1 3 5 |  5.0
Invocations    | 1 2 4 6 8 9 |  9.5
Bows           | 1 5 7 8 |  8.2
Shields        | 4 7 9 10 | 10.0
Slings         | 5 8 11 12 | 12.0
Stealth        | |  0.8

Action                   |  1- 3 |  4- 6 |  7- 9 | 10-12 | 13-15 || total
-------------------------+-------+-------+-------+-------+-------++-------
Melee: Short sword       |    23 |       |       |       |       ||    23
       Spear             |    63 |    51 |       |       |       ||   114
       Mace              |       |    19 |       |       |       ||    19
       Dagger            |       |    52 |       |       |       ||    52
       Trident           |       |    70 |     8 |       |       ||    78
       Hand axe          |       |    13 |   164 |   166 |   126 ||   469
       Scimitar          |       |       |       |   153 |    74 ||   227
 Fire: Shortbow          |       |       |   124 |    20 |       ||   144
       Hunting sling     |       |       |       |   162 |   191 ||   353
Throw: Javelin           |    18 |    27 |     9 |     7 |       ||    61
       Throwing net      |       |     3 |       |       |     1 ||     4
       Dart              |       |    17 |   111 |   232 |    58 ||   418
Invok: Grow Ballistomyce |       |       |       |     9 |    13 ||    22
       Wall of Briars    |       |       |       |     9 |     1 ||    10
 Abil: Hop               |       |     2 |     4 |    16 |     9 ||    31
Evoke: Wand              |       |       |     1 |     7 |     2 ||    10
  Use: Scroll            |       |     5 |       |    19 |     5 ||    29
       Potion            |       |     2 |       |     4 |     3 ||     9
 Stab: Sleeping          |       |     1 |       |       |       ||     1
       Confused          |       |       |       |       |     1 ||     1
       Petrifying        |       |       |       |       |     1 ||     1
       Petrified         |       |       |       |       |     1 ||     1
Armor: Leather armour    |    18 |    15 |       |       |       ||    33
       Ring mail         |       |    78 |   104 |     1 |       ||   183
       Skin              |       |       |       |    40 |    27 ||    67
       Acid dragon scale |       |       |       |   106 |    53 ||   159
Dodge: Dodged            |    57 |   138 |   214 |   226 |   140 ||   775
Block: Kite shield       |       |       |       |   227 |   238 ||   465
       Rpst.: Scimitar   |       |       |       |    20 |    16 ||    36
